 Dungeon Crawl Stone Soup version 0.31-a0-818-ge7c7cf74f0 (webtiles) character file.

Game seed: 10608656570210378954

111 Kurtz the Chopper (level 4, 0/31 HPs)
             Began as an Octopode Fighter on Sept 23, 2023.
             Slain by a gnoll
             ... wielding a +0 halberd
              (12 damage)
             ... on level 2 of the Dungeon.
             The game lasted 00:01:18 (1597 turns).

Kurtz the Chopper (Octopode Fighter)                Turns: 1597, Time: 00:01:19

Health: 0/31       AC:  1    Str: 21    XL:     4   Next: 92%
Magic:  4/4        EV: 13    Int: 10    God:
Gold:   63         SH:  4    Dex: 13    Spells: 3/3 levels left

rFire   . . .        a - +0 war axe
rCold   . . .        b - +0 buckler
rNeg    . . .        (helmet restricted)
rPois   .            (no amulet)
rElec   .            g - ring of wizardry
rCorr   .            k - +6 ring of strength
SInv    .            (no ring)
Will    .....        (no ring)
Stlth   ++           (no ring)
HPRegen 0.25/turn    (no ring)
MPRegen 0.09/turn    (no ring)
                     (no ring)

%: wizardry (x1)
@: no status effects
A: almost no armour, amphibious, 8 rings, camouflage 1, gelatinous body 1,
(nimble swimmer 1), tentacles
a: no special abilities


You were on level 2 of the Dungeon.
You visited 1 branch of the dungeon, and saw 2 of its levels.

You collected 63 gold pieces.

Inventory:

Hand Weapons
 a - a +0 war axe (weapon)
Armour
 b - a +0 buckler (worn)
Jewellery
 g - a ring of wizardry (left tentacle)
 k - a +6 ring of strength (right tentacle)
Scrolls
 f - a scroll of summoning {unknown}
 h - a scroll of fear {unknown}
 i - 2 scrolls of identify {unknown}
 l - a scroll of fog {unknown}
 m - a scroll of teleportation {unknown}
Potions
 c - a potion of might
 d - 3 potions of heal wounds {unknown}
 e - 3 potions of enlightenment {unknown}
 j - a potion of degeneration {unknown}


   Skills:
 - Level 3.0 Fighting
 * Level 4.9 Axes
 - Level 3.0 Dodging
 - Level 3.0 Shields


You had 3 spell levels left.
You didn't know any spells.
Your spell library contained the following spells:

 Spells                   Type           Power      Damage    Failure   Level
 Poisonous Vapours        Pois/Air       0%         N/A       26%         2
 Mephitic Cloud           Conj/Pois/Air  0%         N/A       45%         3
 Freezing Cloud           Conj/Ice/Air   0%         6-21      99%         5


Dungeon Overview and Level Annotations

Branches:
Dungeon (2/15)

Altars:


Innate Abilities, Weirdness & Mutations

You cannot wear most types of armour.
You are amphibious.
You can wear up to eight rings at the same time.
Your skin changes colour to match your surroundings (Stealth+).
Your rubbery body absorbs attacks. (AC +1, EV +1)
((You are camouflaged when in or above water. (Stealth+)))
You have tentacles for arms and can constrict up to eight enemies at once.


Message History

A worm is nearby!
A worm is nearby!
A worm is nearby!
The worm bites you!
You hit the worm but do no damage. Your grab misses the worm. You hit the worm.
Your grab misses the worm. You squeeze the worm.
The worm is moderately wounded.
The worm bites you.
You hit the worm. You grab the worm. You squeeze the worm.
The worm is severely wounded.
You constrict the worm. The worm bites you.
You slash the worm!
You kill the worm!
No target in view!
You see here a worm corpse.
You start resting.
HP restored.
You start waiting.
Done waiting.
You see here a +0 club.
Found an escape hatch in the floor.
The gnoll shouts! x2
There are monsters nearby!
There are monsters nearby!
The gnoll shouts! x2
The gnoll hits you with a +0 club.
You hit the gnoll but do no damage. You grab the gnoll. You squeeze the gnoll.
The gnoll is lightly wounded.
You constrict the gnoll. You block the gnoll's attack.
You hit the gnoll.
The gnoll is almost dead.
You constrict the gnoll. The gnoll hits you with a +0 club!
The gnoll closely misses you. The gnoll barely misses you.
You slash the gnoll!
You kill the gnoll!
The gnoll hits you from afar with a +0 halberd!
You block the gnoll's attack. The gnoll misses you.
The gnoll attacks as it pursues you! The gnoll misses you.
The gnoll hits you from afar with a +0 halberd!
You die...

##.†..##........#
##†g##..#........#
#.g####.#....)...# .g##
#..........#
.######.#........######
........###.#...).....#
#######>###.#..g......#
#.....#...gg...>#
###..#####@######
####....#.....#
####....##.#.#####
.g.g..#....<.#
.###.....##.##
..##.##..##.#
#.#..##..##.###
....###.......#
#..#....###.#.##


You could see 3 gnolls.

Vanquished Creatures
  3 gnolls (D:2)
  3 adders (D:2)
  4 worms (D:2)
  A dart slug (D:2)
  2 ball pythons (D:1)
  5 endoplasms
  A giant cockroach (D:2)
  3 goblins
  3 hobgoblins
  5 jackals
  A quokka (D:2)
  2 bats (D:1)
  2 frilled lizards (D:1)
  6 kobolds
  2 rats (D:2)
43 creatures vanquished.

Notes
Turn   | Place    | Note
-------+----------+-------------------------------------------
     0 | D:1      | Kurtz the Octopode Fighter began the quest for the Orb.
     0 | D:1      | Reached XP level 1. HP: 16/16 MP: 1/1
   257 | D:1      | Reached XP level 2. HP: 21/21 MP: 2/2
   334 | D:1      | Reached skill level 3 in Axes
   646 | D:2      | Reached XP level 3. HP: 13/26 MP: 3/3
   890 | D:2      | Reached skill level 4 in Axes
   982 | D:2      | Reached XP level 4. HP: 25/31 MP: 4/4
  1597 | D:2      | Slain by a gnoll

Illustrated notes

Levels and vault maps discovered:
D:1:      dpeg_chamrin_arrival_tetris, layout_basic, kennysheep_boxes
D:2:      layout_rooms, nicolae_wormholes

Skill      XL: |  1  2  3 |
---------------+----------+-----
Axes           | 3 4 |  4.9
Fighting       | |  3.0
Dodging        | |  3.0
Shields        | |  3.0

Action                     |  1- 3 |  4- 6 || total
---------------------------+-------+-------++-------
  Melee: War axe           |    56 |    31 ||    87
         Constrict         |     9 |     6 ||    15
         Tentacles         |     8 |     9 ||    17
         Punch             |     2 |     2 ||     4
   Stab: Sleeping          |     4 |     4 ||     8
 Armour: Skin              |    19 |    19 ||    38
  Dodge: Dodged            |    32 |    29 ||    61
  Block: Buckler           |    14 |     7 ||    21

Table legend: (Time is in decaauts)
 A = Elapsed time spent in this place.
 B = Non-inter-level travel time spent in this place.
 C = Inter-level travel time spent in this place.
 D = Time resting spent in this place.
 E = Time spent auto-exploring this place.
 F = Levels seen in this place.
 G = Mean time per level.
                   A        B        C        D        E       F      G
               +--------+--------+--------+--------+--------+-----+--------+
         Total |   1627 |   1576 |     51 |    393 |    830 |   2 |  813.5 |
       Dungeon |   1627 |   1576 |     51 |    393 |    830 |   2 |  813.5 |
               +--------+--------+--------+--------+--------+-----+--------+

Top non-repeatable levels by time:
     D:2: 924 daAuts
     D:1: 702 daAuts
